 Dungeon Crawl Stone Soup version 0.31.0-9-g3a7656b989 (console) character file.

Game seed: 15939655253945091197

273 AlterAsc the Ruffian (level 6, 0/38 HPs)
             Began as an Octopode Shapeshifter on Jan 26, 2024.
             Slain by an orc
             ... wielding a +0 trident
              (8 damage)
             ... on level 4 of the Dungeon.
             The game lasted 00:07:14 (3091 turns).

AlterAsc the Ruffian (Octopode Shapeshifter)        Turns: 3091, Time: 00:07:15

Health: 0/38       AC:  1    Str: 16    XL:     6   Next: 24%
Magic:  6/6        EV: 13    Int: 12    God:
Gold:   160        SH:  0    Dex: 11    Spells: 5/5 levels left

rFire   . .          .
                       - Unarmed
rCold   . . .        (no shield)
rNeg    . . .        (helmet currently unavailable)
rPois   .            (no amulet)
rElec   .            (no ring)
rCorr   .            (no ring)
SInv    .            (no ring)
Will    .....        (no ring)
Stlth   ++           (no ring)
HPRegen 0.26/turn    (no ring)
MPRegen 0.10/turn    (no ring)
                     (no ring)

%: no passive effects
@: beast-form
A: beast (slay +1), almost no armour, amphibious, 8 rings, camouflage 1,
gelatinous body 1, (nimble swimmer 1), tentacles
a: Begin Untransformation


You were on level 4 of the Dungeon.
You were a hulking beast.
You visited 1 branch of the dungeon, and saw 4 of its levels.

You collected 160 gold pieces.

Inventory:

Missiles
 e - 28 stones (quivered)
 l - 3 poisoned darts
Jewellery
 i - an amulet of magic regeneration
Talismans
 b - a beast talisman
 c - a flux talisman
Wands
 a - a wand of mindburst (2)
Scrolls
 g - a scroll of enchant armour {unknown}
 j - 2 scrolls of enchant weapon {unknown}
 k - 2 scrolls of identify {unknown}
 n - 3 scrolls of fog {unknown}
 o - a scroll of revelation {unknown}
 p - a scroll of fear {unknown}
 q - a scroll of amnesia {unknown}
Potions
 d - a potion of brilliance {unknown}
 f - 2 potions of curing {unknown}
 h - a potion of cancellation {unknown}
 m - 2 potions of heal wounds {unknown}


   Skills:
 - Level 1.0 Fighting
 - Level 2.0 Dodging
 + Level 6.8 Unarmed Combat
 - Level 3.0 Shapeshifting


You had 5 spell levels left.
You didn't know any spells.
Your spell library contained the following spells:

 Spells                   Type           Power      Damage    Failure   Level
 Hailstorm                Conj/Ice       0%         3d5       69%         3
 Summon Ice Beast         Ice/Summ       0%         N/A       69%         3
 Sculpt Simulacrum        Ice/Alch       0%         N/A       100%        6


Dungeon Overview and Level Annotations

Branches:
Dungeon (4/15)
 Temple: D:4-7

Altars:
Vehumet

Portals:
Sewer: D:4


Innate Abilities, Weirdness & Mutations

You are a hulking beast.
Your limbs bulge with bestial killing power. (Slay +1)
You cannot wear most types of armour.
You are amphibious.
You can wear up to eight rings at the same time.
Your skin changes colour to match your surroundings (Stealth+).
Your rubbery body absorbs attacks. (AC +1, EV +1)
((You are camouflaged when in or above water. (Stealth+)))
You have tentacles for arms and can constrict up to eight enemies at once.


Message History

Throw: 29 stones
Press: ? - help, Q - select action, (/) - cycle Shift-Dir - straight line, f - orc wizard
Aim: an orc wizard, wielding a +0 dagger and wearing a +0 robe (wandering, hasn't noticed you, 45% to hit)
You throw a stone. The stone barely misses the orc wizard.
The orc wizard shouts!
There is an open door here.
You start waiting.
You hear the slow rusting of a drain very nearby.
You start waiting.
An orc is nearby!
The orc hits you with a +0 whip.
You tentacle-slap the orc. You grab the orc. You tentacle-slap the orc.
The orc is almost dead.
You constrict the orc, but do no damage.
The orc barely misses you. The orc closely misses you.
You bludgeon the orc!
You kill the orc!
The orc barely misses you.
You barely miss the orc wizard. Your grab misses the orc wizard.
Your squeeze misses the orc wizard. You barely miss the orc wizard.
You grab the orc wizard. You constrict the orc wizard.
The orc hits you from afar with a +0 trident!
You tentacle-slap the orc wizard.
The orc wizard is heavily wounded.
You constrict the orc wizard. The orc wizard barely misses you.
The orc hits you from afar with a +0 trident.
You tentacle-slap the orc wizard but do no damage.
The orc wizard is heavily wounded.
You constrict the orc wizard.
The orc wizard struggles to escape constriction.
The orc hits you from afar with a +0 trident.
You tentacle-slap the orc wizard.
The orc wizard is almost dead.
You constrict the orc wizard.
You kill the orc wizard!
The orc hits you from afar with a +0 trident.
The orc hits you with a +0 trident!
* * * LOW HITPOINT WARNING * * *
You tentacle-slap the orc but do no damage.
Your grab misses the orc. Your squeeze misses the orc.
The orc hits you with a +0 trident!
You die...

#....# ....... #....#
....... . #....##
##.......
#.....#####....o...
+..............o.o
#................
#######......## #
#......# ## #...)..#
########~
###o#########.~†.....
#.h......#..≈≈≈≈≈≈.
#.########.†#######
#.# #..≈≈≈≈≈≈# #.#
##~~..∩.†~ #.#
##≈≈≈≈≈≈. #.####
#########.
#....#####~~≈≈≈≈≈≈~
####....#~~..~~~~~~
####...~########
######


You could see an orc.

Vanquished Creatures
  A bombardier beetle (D:3)
  Terence (D:3)
  An orc wizard (D:4)
  Ijyb (D:3)
  7 gnolls
  A dart slug (D:1)
  2 ribbon worms
  7 orcs
  3 ball pythons (D:1)
  4 endoplasms
  7 giant cockroaches
  6 goblins
  6 hobgoblins
  3 jackals (D:2)
  9 quokkas
  10 bats
  A frilled lizard (D:1)
  6 kobolds
  7 rats
83 creatures vanquished.

Notes
Turn   | Place    | Note
-------+----------+-------------------------------------------
     0 | D:1      | AlterAsc the Octopode Shapeshifter began the quest for the
                  | Orb.
     0 | D:1      | Reached XP level 1. HP: 13/13 MP: 1/1
   129 | D:1      | Reached XP level 2. HP: 18/18 MP: 2/2
   443 | D:1      | Reached skill level 4 in Unarmed Combat
   443 | D:1      | Reached XP level 3. HP: 22/23 MP: 3/3
  1307 | D:2      | Found a radiant altar of Vehumet.
  1340 | D:2      | Reached XP level 4. HP: 26/28 MP: 4/4
  1712 | D:3      | Noticed Terence
  1721 | D:3      | Killed Terence
  1722 | D:3      | Reached skill level 5 in Unarmed Combat
  2020 | D:3      | Noticed Ijyb
  2113 | D:3      | Killed Ijyb
  2114 | D:3      | Reached XP level 5. HP: 24/33 MP: 5/5
  2475 | D:3      | Reached skill level 6 in Unarmed Combat
  2854 | D:3      | Reached XP level 6. HP: 33/38 MP: 6/6
  3009 | D:4      | Found a glowing drain.
  3091 | D:4      | Slain by an orc

Illustrated notes

Levels and vault maps discovered:
D:1:      lemuel_arrival_cross, layout_basic
D:2:      cheibrodos_old_hovel, layout_loops_ring, basic_altar
D:3:      layout_loops_ring, uniq_ijyb, uniq_terence
D:4:      layout_basic, amcnicky_altar_gilded, overflow_temple_1_default,
          gup_sewer_entry_pipe, minmay_misc_feat_rows,
          eino_small_chamber_without_monster

Skill      XL: |  1  2  3  4  5 |
---------------+----------------+-----
Unarmed Combat | 4 5 6 |  6.8
Fighting       | |  1.0
Dodging        | |  2.0
Shapeshifting  | |  3.0

Action                     |  1- 3 |  4- 6 || total
---------------------------+-------+-------++-------
  Melee: Unarmed           |    74 |    73 ||   147
         Tentacles         |    10 |    14 ||    24
         Constrict         |    17 |    20 ||    37
         Punch             |       |     2 ||     2
  Throw: Dart              |       |     5 ||     5
         Stone             |       |    15 ||    15
    Use: Potion            |       |     1 ||     1
   Stab: Sleeping          |     6 |     5 ||    11
         Distracted        |     1 |       ||     1
 Armour: Skin              |    35 |    38 ||    73
  Dodge: Dodged            |    41 |    27 ||    68
